 Dungeon Crawl Stone Soup version 0.20.1-1-g8b1a95d (webtiles) character file.

8929 Monsterracer the Martial Artist (level 11, 0/101 HPs)
             Began as a Yellow Draconian Transmuter on Sept 12, 2017.
             Was a Priest of Ru.
             Slain by Sonja
             ... wielding a +2 short sword of venom
              (7 damage)
             ... on level 10 of the Dungeon.
             The game lasted 00:22:15 (13022 turns).

Monsterracer the Martial Artist (DrTm)             Turns: 13022, Time: 00:22:15

Health: 0/101      AC:  7    Str: 12    XL:     11   Next: 16%
Magic:  14/14      EV: 17    Int: 17    God:    Ru [***...]
Gold:   660        SH:  3    Dex: 12    Spells: 4/14 levels left

rFire    . . .     SeeInvis .     - Unarmed
rCold    . . .     Gourm    .   (shield currently unavailable)
rNeg     . . .     Faith    .   (armour unavailable)
rPois    .         Spirit   .   (helmet restricted)
rElec    .         Reflect  +   D - scarf {cloud immunity}
rCorr    +         Harm     .   (gloves currently unavailable)
MR       .....                  (no boots)
Stlth    +.........             l - +3 amulet of reflection
Regen    0.3/turn               h - +3 ring of slaying
MPRegen  0.2/turn               r - +3 ring of evasion

@: lethally poisoned (0 -> -90), exhausted, short of breath, blade hands
(expiring), slowed, drained, very slow
A: spit acid, acid resistance, unfitting armour, robust 1, screaming 1,
cold-blooded, inability to drink while threatened, inability to use devices, AC
+7
a: Breathe Acid, End Transformation, Draw Out Power, Renounce Religion


You were on level 10 of the Dungeon.
You worshipped Ru.
Ru was most pleased with you.
You were very hungry.
You had blades for hands.
You visited 2 branches of the dungeon, and saw 11 of its levels.

You collected 660 gold pieces.

Inventory:

Missiles
 a - 132 arrows
Armour
 i - a +1 buckler
 w - a +2 pair of gloves (melded)
 D - a scarf of cloud immunity (worn)
Jewellery
 h - a +3 ring of slaying (left scythe-like blade)
 l - a +3 amulet of reflection (around neck)
 q - a +3 ring of intelligence
 r - a +3 ring of evasion (right scythe-like blade)
 u - an uncursed ring of protection from cold
Scrolls
 j - 3 scrolls of teleportation
 m - 2 scrolls of fear
 t - 2 scrolls of blinking
 y - 3 scrolls of enchant armour
 B - 3 scrolls of remove curse
 E - a scroll of fog
Potions
 d - a potion of lignification
 e - 2 potions of cancellation
 g - 2 potions of might
 k - 5 potions of flight
 o - a potion of magic
 s - a potion of heal wounds
 z - 4 potions of curing {unknown}
 A - 3 potions of mutation
 C - a potion of resistance
Books
 b - a book of Changes

   Spells                             Type                      Level
   a - Beastly Appendage              Transmutation                1
   b - Sticks to Snakes               Transmutation                2
   c - Spider Form                    Transmutation/Poison         3
   d - Ice Form                       Ice/Transmutation            4
   e - Blade Hands                    Transmutation                5
 v - a book of Minor Magic

   Spells                             Type                      Level
   a - Magic Dart                     Conjuration                  1
   b - Blink                          Translocation                2
   c - Call Imp                       Summoning                    2
   d - Slow                           Hexes                        2
   e - Conjure Flame                  Conjuration/Fire             3
   f - Mephitic Cloud                 Conjuration/Poison/Air       3
 x - a book of Necromancy

   Spells                             Type                      Level
   a - Pain                           Necromancy                   1
   b - Animate Skeleton               Necromancy                   1
   c - Vampiric Draining              Necromancy                   3
   d - Regeneration                   Charms/Necromancy            3
   e - Animate Dead                   Necromancy                   4
   f - Control Undead                 Necromancy                   4
Comestibles
 c - 8 bread rations
 f - 8 fruits
 n - 4 meat rations
 p - 2 royal jellies


   Skills:
 + Level 7.2(6.9) Fighting
 + Level 5.6(5.2) Dodging
 * Level 11.2(10.8) Unarmed Combat
 - Level 2.0(1.6) Spellcasting
 + Level 10.6(10.2) Transmutations


You had 4 spell levels left.
You knew the following spells:

 Your Spells              Type           Power        Failure   Level  Hunger
b - Sticks to Snakes      Tmut           #####...     11%         2    ###....
c - Spider Form           Tmut/Pois      ###.......   41%         3    ####...
d - Blade Hands           Tmut           #####.....   43%         5    ######.


Dungeon Overview and Level Annotations

Branches:
Dungeon (10/15)            Temple (1/1) D:4            Lair (0/6) D:8
    Orc: D:9-12

Altars:
Ashenzari
Cheibriados
Dithmenos
Elyvilon
Fedhas
Gozag
Hepliaklqana
Kikubaaqudgha
Makhleb
Nemelex Xobeh
Okawaru
Qazlal
Ru
Sif Muna
Trog
Uskayaw
Vehumet
Xom
Yredelemnul
Zin
The Shining One

Shops:
D:6 (((

Annotations:
D:8 1 runed door
D:10 Sonja


Innate Abilities, Weirdness & Mutations

You can spit globs of acid.
You are resistant to acid.
Your golden yellow scales are hard. (AC +7)
You cannot fit into any form of body armour.
You are cold-blooded and may be slowed by cold attacks.
You cannot drink potions while threatened.
You cannot study or use magical devices.
You are robust. (+10% HP)
You occasionally shout uncontrollably at your foes.


Message History

It stops dripping with poison.
Sonja wields an uncursed blowgun.
Sonja shoots a curare-tipped needle.
The curare-tipped needle hits you.
You are more poisoned.
You have difficulty breathing.
* * * LOW HITPOINT WARNING * * *
You feel yourself slow down.
Huge Dmg: -16%(-16hp) hp: 20%(20hp)
Okay, then.
You slash Sonja!
Sonja is heavily wounded.
* * * LOW HITPOINT WARNING * * *
You feel extremely sick.
Sonja stops glowing.
Sonja unwields an uncursed blowgun.
Sonja wields an uncursed short sword of venom.
It begins to drip with poison!
Sonja hits you with an uncursed short sword of venom.
* * * LOW HITPOINT WARNING * * *
You are more poisoned.
Sonja hits you with an uncursed short sword of venom!
You die...

######################
.......((..ยง.((......#
....?#........#..###.#
.....#........#K@###.#
.....................#
.....#############...#
...#/#...........#(#(#
.. #.#...........#.#.#
. ..########'####...#
## #..............#
#.############.#
#.############.#


You could see Sonja.

Vanquished Creatures
  Josephine (D:10)
  2 two-headed ogres (D:8)
  Pikel (D:5)
  The ghost of Chisa the Bolt Thrower, a novice DsHu of Yredelemnul (D:5)
  A spiny frog (D:8)
  A troll (D:9)
  Grinder (D:3)
  2 hippogriffs
  5 wraiths
  Sigmund (D:4)
  A yak (D:10)
  A steam dragon (D:10)
  Duvessa (D:5)
  2 ice beasts
  3 slaves (D:5)
  3 sky beasts
  2 orc warriors (D:8)
  3 ogres
  A black bear (D:9)
  A phantom (D:10)
  A centaur (D:10)
  2 bullfrogs
  Blork the orc (D:4)
  Dowan (D:5)
  3 scorpions
  A wyvern skeleton (D:10)
  9 killer bees
  4 wights (D:7)
  2 howler monkeys (D:10)
  5 crimson imps
  6 hounds
  A bullfrog skeleton (D:6)
  3 jellies
  A gnoll shaman (D:4)
  8 orc priests
  A centaur skeleton (D:8)
  Jessica (D:3)
  An iguana (D:7)
  12 orc wizards
  13 worker ants
  A statue (D:8)
  6 gnolls
  A howler monkey skeleton (D:7)
  12 adders
  2 shadow imps
  2 oozes
  An adder zombie (D:6)
  An adder skeleton (D:4)
  A worm (D:4)
  3 dart slugs
  3 leopard geckos
  54 orcs
  8 bats
  9 giant cockroaches
  6 hobgoblins
  11 jackals
  5 kobolds
  2 quokkas
  3 ball pythons (D:3)
  2 frilled lizards (D:1)
  5 goblins
  A quokka skeleton (D:6)
  3 rats
252 creatures vanquished.

Vanquished Creatures (collateral kills)
  A kobold (D:2)
1 creature vanquished.

Grand Total: 253 creatures vanquished

Notes
Turn   | Place    | Note
-------+----------+-------------------------------------------
     0 | D:1      | Monsterracer the Draconian Transmuter began the quest for the Orb.
     0 | D:1      | Reached XP level 1. HP: 16/16 MP: 3/3
   378 | D:1      | Reached XP level 2. HP: 22/23 MP: 3/5
   434 | D:1      | Learned a level 2 spell: Sticks to Snakes
  1291 | D:2      | Reached XP level 3. HP: 27/28 MP: 6/6
  1296 | D:2      | Learned a level 3 spell: Spider Form
  1362 | D:2      | HP: 14/28 [poisoned by a kobold]
  1368 | D:2      | HP: 10/28 [poisoned by a kobold]
  1373 | D:2      | HP: 7/28 [poisoned by a kobold]
  1378 | D:2      | HP: 6/28 [poisoned by a kobold]
  1385 | D:2      | HP: 4/28 [poisoned by a kobold]
  1393 | D:2      | HP: 3/28 [poisoned by a kobold]
  2055 | D:2      | Found an ancient bone altar of Kikubaaqudgha.
  2543 | D:3      | HP: 14/28 [orc/war axe (7)]
  2545 | D:3      | Reached skill level 4 in Unarmed Combat
  2545 | D:3      | HP: 5/28 [orc/short sword (8)]
  2552 | D:3      | Reached XP level 4. HP: 6/35 MP: 1/7
  2585 | D:3      | HP: 8/35 [orc/short sword (2)]
  2890 | D:3      | Noticed Grinder
  2897 | D:3      | Paralysed by Grinder for 5 turns
  2909 | D:3      | Killed Grinder
  2909 | D:3      | Reached skill level 5 in Unarmed Combat
  2909 | D:3      | Reached XP level 5. HP: 21/40 MP: 3/8
  3199 | D:3      | Noticed Jessica
  3203 | D:3      | Killed Jessica
  3203 | D:3      | Reached XP level 6. HP: 47/47 MP: 5/9
  3606 | D:4      | Reached skill level 5 in Transmutations
  3646 | D:4      | HP: 22/47 [orc/tomahawk (5)]
  3663 | D:5      | Entered Level 5 of the Dungeon
  4055 | D:4      | Reached skill level 6 in Unarmed Combat
  4055 | D:4      | Your scales start taking on a golden yellow colour.
  4055 | D:4      | Reached XP level 7. HP: 38/52 MP: 4/10
  4409 | D:4      | Noticed Sigmund
  4421 | D:4      | Killed Sigmund
  4608 | D:4      | HP: 25/55 [gnoll (8)]
  4623 | D:4      | Found a staircase to the Ecumenical Temple.
  4632 | Temple   | Entered the Ecumenical Temple
  4898 | D:4      | Found a sacrificial altar of Ru.
  4901 | D:4      | Found an iron altar of Okawaru.
  4905 | D:4      | Reached skill level 7 in Unarmed Combat
  4905 | D:4      | Reached XP level 8. HP: 33/62 MP: 6/11
  4912 | D:4      | Found a blossoming altar of Fedhas.
  4912 | D:4      | Noticed Blork the orc
  4919 | D:4      | Killed Blork the orc
  4933 | D:4      | Found a basalt altar of Yredelemnul.
  4939 | D:4      | Became a worshipper of Ru the Awakened
  5081 | D:4      | Learned a level 5 spell: Blade Hands
  5260 | D:4      | Found a glowing silver altar of Zin.
  5411 | D:5      | Noticed Chisa's ghost (novice DsHu)
  5448 | D:5      | HP: 30/62 [Chisa's ghost (5)]
  5450 | D:5      | Killed Chisa's ghost
  5958 | D:5      | Reached skill level 8 in Unarmed Combat
  6083 | D:5      | Noticed Duvessa
  6084 | D:5      | Noticed Dowan
  6091 | D:5      | Killed Duvessa
  6091 | D:5      | HP: 29/66 [Dowan/shard of ice (28)]
  6095 | D:5      | Killed Dowan
  6103 | D:5      | Gained mutation: You cannot study or use magical devices. [Ru sacrifice]
  6103 | D:5      | Reached * piety under Ru
  6103 | D:5      | Reached ** piety under Ru
  6274 | D:5      | Noticed Pikel
  6290 | D:5      | Killed Pikel
  6290 | D:5      | Reached XP level 9. HP: 57/72 MP: 2/12
  6516 | D:5      | Found a shadowy altar of Dithmenos.
  6902 | D:6      | Found Oplatzej's Antique Weapon Shoppe.
  6949 | D:6      | Found a shattered altar of Ashenzari.
  6985 | D:6      | Found a sparkling altar of Nemelex Xobeh.
  7150 | D:6      | Found Syuluum's Antique Weapon Shoppe.
  7219 | D:6      | Found Lezuan's Weapon Boutique.
  7395 | D:7      | Reached skill level 9 in Unarmed Combat
  7399 | D:7      | Gained mutation: You occasionally shout uncontrollably at your foes. [mutagenic meat]
  7400 | D:7      | Gained mutation: You are robust. (+10% HP) [mutagenic meat]
  7586 | D:7      | Found a runed door.
  7736 | D:7      | Found a runed door.
  7998 | D:7      | Reached skill level 5 in Fighting
  8602 | D:8      | Gained mutation: You cannot drink potions while threatened. [Ru sacrifice]
  8602 | D:8      | Reached *** piety under Ru
  8802 | D:8      | Found a staircase to the Lair.
  8826 | D:8      | Noticed a spiny frog
  8996 | D:8      | Killed a spiny frog
  9091 | D:8      | Reached XP level 10. HP: 53/89 MP: 7/13
  9422 | D:8      | Noticed a two-headed ogre
  9431 | D:8      | Killed a two-headed ogre
  9431 | D:8      | Reached skill level 10 in Unarmed Combat
  9466 | D:8      | Noticed a two-headed ogre
  9474 | D:8      | Killed a two-headed ogre
  9474 | D:8      | Reached skill level 10 in Transmutations
  9804 | D:8      | Found a radiant altar of Vehumet.
  9968 | D:8      | Found a runed door.
  9968 | D:8      | Noticed a centaur warrior
  9968 | D:8      | Noticed a centaur warrior
  9968 | D:8      | Noticed a cyclops
  9970 | D:8      | Noticed a manticore
  9970 | D:8      | Noticed a cyclops
 10920 | D:9      | Reached skill level 5 in Dodging
 11147 | D:10     | Entered Level 10 of the Dungeon
 11625 | D:10     | Noticed Sonja
 11636 | D:10     | HP: 45/92 [poisoned by Sonja (curare-tipped needle)]
 11639 | D:10     | HP: 21/92 [poisoned by Sonja (curare-tipped needle)]
 11644 | D:10     | HP: 24/92 [poisoned by Sonja (curare-tipped needle)]
 11649 | D:10     | HP: 15/92 [poisoned by Sonja (curare-tipped needle)]
 11654 | D:10     | HP: 10/92 [poisoned by Sonja (curare-tipped needle)]
 11659 | D:10     | HP: 6/92 [poisoned by Sonja (curare-tipped needle)]
 11665 | D:10     | HP: 4/92 [poisoned by Sonja (curare-tipped needle)]
 11672 | D:10     | HP: 3/92 [poisoned by Sonja (curare-tipped needle)]
 11679 | D:10     | HP: 2/92 [poisoned by Sonja (curare-tipped needle)]
 11687 | D:10     | HP: 2/92 [poisoned by Sonja (curare-tipped needle)]
 12115 | D:10     | Noticed Josephine
 12121 | D:10     | HP: 45/92 [wraith[Josephine] (6)]
 12126 | D:10     | Killed Josephine
 12126 | D:10     | Reached XP level 11. HP: 37/101 MP: 10/14
 12126 | D:10     | HP: 28/101 [wraith[Josephine] (10)]
 12126 | D:10     | HP: 4/101 [wraith[Josephine] (14)]
 12134 | D:10     | HP: 9/101 [wraith[Josephine] (3)]
 12147 | D:9      | Reached skill level 11 in Unarmed Combat
 13016 | D:10     | HP: 49/101 [poisoned by Sonja]
 13021 | D:10     | HP: 29/101 [poisoned by Sonja]
 13022 | D:10     | HP: 12/101 [poisoned by Sonja (curare-tipped needle)]
 13022 | D:10     | Slain by Sonja

Skill      XL: |  1  2  3  4  5  6  7  8  9 10 11 |
---------------+----------------------------------+-----
Transmutations | 3 4 5 6 8 9 10 | 10.6
Unarmed Combat | 4 5 6 7 8 9 10 11 | 11.2
Fighting       | 2 4 5 7 |  7.2
Dodging        | 2 4 5 |  5.6
Spellcasting   | |  2.0

Action                   |  1- 3 |  4- 6 |  7- 9 | 10-12 || total
-------------------------+-------+-------+-------+-------++-------
Melee: Unarmed           |   109 |    69 |   372 |   191 ||   741
       Tailslap          |     9 |     4 |    28 |    11 ||    52
       Headbutt          |     3 |     4 |       |       ||     7
       Punch             |     1 |     2 |     3 |     3 ||     9
       Kick              |     1 |       |     3 |       ||     4
 Cast: Beastly Appendage |     3 |     2 |     1 |       ||     6
       Spider Form       |     2 |     9 |    14 |     6 ||    31
       Sticks to Snakes  |     1 |     2 |       |       ||     3
       Blade Hands       |       |       |     6 |    14 ||    20
Invok: Sacrifice Artific |       |       |     1 |       ||     1
       Sacrifice Drink   |       |       |     1 |       ||     1
       Draw Out Power    |       |       |       |     3 ||     3
       Reject Sacrifices |       |       |       |     1 ||     1
 Abil: Breathe Acid      |       |       |     2 |     5 ||     7
  Use: Scroll            |       |    11 |    10 |     3 ||    24
 Stab: Sleeping          |     1 |       |     1 |       ||     2
       Invisible         |       |       |       |     4 ||     4
  Eat: Chunk             |     5 |     6 |    20 |    16 ||    47
       Fruit             |       |     1 |     2 |     5 ||     8
Armor: Skin              |    36 |    10 |    41 |    39 ||   126
Dodge: Dodged            |    91 |    66 |   222 |   156 ||   535
Block: Other             |       |       |    35 |    23 ||    58
       Reflection        |       |       |     2 |       ||     2
